 Dungeon Crawl Stone Soup version 0.23.2-30-g0e89c35 (webtiles) character file.

Game seed: 10923971949357465650

301 scottley the Covert (level 6, -2/30 HPs)
             Began as a Spriggan Assassin on June 21, 2019.
             Slain by a centaur zombie (4 damage)
             ... in an ossuary.
             The game lasted 00:27:31 (4046 turns).

scottley the Covert (Spriggan Assassin)             Turns: 4046, Time: 00:27:32

Health: -2/30      AC:  3    Str:  9    XL:     6   Next: 14%
Magic:  7/7        EV: 19    Int: 13    God:
Gold:   179        SH:  0    Dex: 20    Spells: 5/5 levels left

rFire    . . .     SeeInvis +   a - +3 dagger
rCold    . . .     Gourm    .   (shield restricted)
rNeg     . . .     Faith    .   c - +0 robe
rPois    .         Spirit   .   (helmet restricted)
rElec    .         Reflect  .   d - +0 cloak
rCorr    .         Harm     .   (gloves unavailable)
MR       ++...                  (boots unavailable)
Stlth    ++++......             (no amulet)
HPRegen  0.10/turn              h - +3 ring of dexterity
MPRegen  0.10/turn              o - ring of protection from magic

@: about to teleport, very quick
A: very small, unfitting armour, see invisible, herbivore, speed 3, slow
metabolism 2
a: no special abilities


You were in an ossuary.
You were not hungry.

You visited 1 branch of the dungeon, and saw 5 of its levels.
You also visited: Ossuary.

You collected 179 gold pieces.

Inventory:

Hand Weapons
 a - a +3 dagger (weapon)
 b - a +0 blowgun
 m - a +0 hunting sling
Missiles
 e - 22 poisoned needles
 f - 2 curare-tipped needles
Armour
 c - a +0 robe (worn)
 d - a +0 cloak (worn)
Jewellery
 h - a +3 ring of dexterity (left hand)
 n - an uncursed ring of resist corrosion {unknown}
 o - a ring of protection from magic (right hand)
Scrolls
 j - 6 scrolls of teleportation
 l - 3 scrolls of identify
 p - a scroll of vulnerability {unknown}
 q - a scroll of enchant armour {unknown}
 t - a scroll of amnesia {unknown}
 v - a scroll of brand weapon {unknown}
Potions
 i - a potion of agility {unknown}
 k - a potion of haste
 r - a potion of berserk rage {unknown}
 s - 4 potions of curing
 u - a potion of ambrosia {unknown}
 w - 2 potions of lignification {unknown}
Comestibles
 g - 6 rations


   Skills:
 + Level 2.2 Fighting
 + Level 4.0 Short Blades
 + Level 3.0 Throwing
 + Level 3.1 Dodging
 + Level 8.4 Stealth


You had 5 spell levels left.
You didn't know any spells.
Your spell library was empty.

Dungeon Overview and Level Annotations

Branches:
Dungeon (5/15)
 Temple: D:4-7

Altars:
Ashenzari
Gozag
Kikubaaqudgha
Zin
The Shining One


Innate Abilities, Weirdness & Mutations

You are very small and have problems with some larger weapons.
You are too small for most types of armour.
You have supernaturally acute eyesight. (SInv)
You are a herbivore.
You cover ground extremely quickly.
You need to consume almost no food.


Message History

The centaur zombie closely misses you. The mummy barely misses you.
The centaur zombie misses you. The centaur zombie hits you.
The centaur zombie barely misses you. The human zombie misses you.
You hit the human zombie.
The human zombie is lightly damaged.
The centaur zombie hits you.
* * * LOW HITPOINT WARNING * * *
The centaur zombie hits you but does no damage.
The human zombie closely misses you.
As you read the scroll of teleportation, it crumbles to dust.
You feel strangely unstable. The centaur zombie closely misses you.
The centaur zombie completely misses you.
The human zombie hits you!
* * * LOW HITPOINT WARNING * * *
The centaur zombie closely misses you. The centaur zombie barely misses you.
The human zombie hits you but does no damage.
The human zombie barely misses you. The centaur zombie hits you.
You die...

##...∩...###.....##
+...∩(∩...(......M#
##...∩...###.(...##
#.......# #.....#
##.....## ##...##
###.### ##### #'#
###Z### ##.@.Z.##
#..ZZZ..# #...M...#
#Z......# ##.....##
###.### ###


You could see a mummy, 4 centaur zombies and 2 human zombies.

Vanquished Creatures
  A centaur zombie (Ossuary)
  A hound (D:4)
  A centaur skeleton (D:4)
  A bullfrog skeleton (D:4)
  Terence (D:2)
  A hound skeleton (D:5)
  6 adders (D:3)
  2 oozes (D:1)
  2 worms
  2 dart slugs
  5 leopard geckos
  6 orcs (D:3)
  2 giant cockroaches
  5 goblins
  6 hobgoblins
  5 jackals
  4 kobolds
  2 ball pythons
  8 bats
  A frilled lizard (D:2)
  A jackal skeleton (D:4)
  4 rats
67 creatures vanquished.

Notes
Turn   | Place    | Note
-------+----------+-------------------------------------------
     0 | D:1      | scottley the Spriggan Assassin began the quest for the Orb.
     0 | D:1      | Reached XP level 1. HP: 10/10 MP: 2/2
    15 | D:1      | Reached skill level 6 in Stealth
   351 | D:1      | Reached XP level 2. HP: 14/14 MP: 3/3
   682 | D:1      | Reached skill level 7 in Stealth
   901 | D:2      | Reached XP level 3. HP: 18/18 MP: 4/4
  1017 | D:2      | Found an ancient bone altar of Kikubaaqudgha.
  1085 | D:2      | Noticed Terence
  1118 | D:2      | Killed Terence
  1382 | D:3      | Reached XP level 4. HP: 23/23 MP: 5/5
  1421 | D:3      | Found a glowing golden altar of the Shining One.
  1427 | D:3      | Found a shattered altar of Ashenzari.
  1724 | D:3      | Reached skill level 8 in Stealth
  2223 | D:3      | Reached XP level 5. HP: 9/26 MP: 6/6
  3480 | D:4      | Found an opulent altar of Gozag.
  3480 | D:4      | Found a glowing silver altar of Zin.
  3630 | D:5      | Entered Level 5 of the Dungeon
  3934 | D:5      | Reached XP level 6. HP: 30/30 MP: 7/7
  3952 | D:5      | Found a sand-covered staircase.
  3960 | Ossuary  | Entered an ossuary
  4046 | Ossuary  | Slain by a centaur zombie

Skill      XL: |  1  2  3  4  5  6 |
---------------+-------------------+-----
Stealth        | 6 7 8 |  8.4
Dodging        | 2 3 |  3.1
Short Blades   | 3 4 |  4.0
Fighting       | 2 |  2.2
Throwing       | 3 |  3.0

Action                   |  1- 3 |  4- 6 || total
-------------------------+-------+-------++-------
Melee: Dagger            |    63 |   234 ||   297
 Fire: Blowgun           |     5 |    28 ||    33
  Use: Scroll            |     3 |     4 ||     7
       Potion            |     1 |     2 ||     3
 Stab: Sleeping          |     9 |     7 ||    16
  Eat: Ration            |       |     1 ||     1
Armor: Robe              |     4 |    30 ||    34
Dodge: Dodged            |    33 |   208 ||   241
